 Dungeon Crawl Stone Soup version 0.21.1-1-g345015f (webtiles) character file.

139 vatarom the Slasher (level 5, 0/38 HPs)
             Began as a Demonspawn Gladiator on May 14, 2018.
             Succumbed to an adder's poison
             ... in a sewer.
             The game lasted 00:04:44 (2264 turns).

vatarom the Slasher (Demonspawn Gladiator)          Turns: 2264, Time: 00:04:44

Health: 0/38       AC:  4    Str: 15    XL:     5   Next: 1%
Magic:  2/5        EV: 12    Int:  9    God:
Gold:   90         SH:  0    Dex: 15    Spells: 4/4 levels left

rFire    . . .     SeeInvis .   a - +0 long sword
rCold    . . .     Gourm    .   (no shield)
rNeg     . . .     Faith    .   b - +0 leather armour
rPois    .         Spirit   +   c - +0 helmet
rElec    .         Reflect  .   (no cloak)
rCorr    .         Harm     .   (no gloves)
MR       .....                  (no boots)
Stlth    +.........             (no amulet)
HPRegen  0.12/turn              (no ring)
MPRegen  0.09/turn              (no ring)

@: lethally poisoned (0 -> -17), flying, hasted, very quick
A: foul stench 1, magic shield, rot immunity
a: no special abilities


You were in a sewer.
You were not hungry.

You visited 1 branch of the dungeon, and saw 3 of its levels.
You also visited: Sewer.

You collected 90 gold pieces.

Inventory:

Hand Weapons
 a - a +0 long sword (weapon)
Missiles
 d - 3 throwing nets (quivered)
Armour
 b - a +0 leather armour (worn)
 c - a +0 helmet (worn)
Scrolls
 g - a scroll of random uselessness {unknown}
 h - 4 scrolls of identify
 j - a scroll of enchant armour {unknown}
 n - 2 scrolls of remove curse {unknown}
 o - a scroll of magic mapping {unknown}
 p - 5 scrolls of fear {unknown}
 r - 3 scrolls of teleportation {unknown}
Potions
 k - a potion of lignification {unknown}
 l - a potion of brilliance {unknown}
 q - a potion of curing {unknown}
 s - a potion of might {unknown}
Comestibles
 f - 3 rations


   Skills:
 - Level 2.0 Fighting
 * Level 5.2 Long Blades
 - Level 1.7 Throwing
 - Level 2.6 Dodging


You had 4 spell levels left.
You didn't know any spells.

Dungeon Overview and Level Annotations

Branches:
Dungeon (3/15)

Altars:


Innate Abilities, Weirdness & Mutations

You may emit foul miasma when damaged in melee.
When hurt, damage is shared between your health and your magic reserves.
You are immune to rotting.


Message History

The adder barely misses you.
You riposte.
You miss the adder.
The adder is heavily wounded.
You barely miss the adder.
The adder is heavily wounded.
* * * LOW HITPOINT WARNING * * *
You feel sick. The adder bites you.
* * * LOW HITPOINT WARNING * * *
You are more poisoned.
The adder poisons you!
* * * LOW HITPOINT WARNING * * *
You feel sick. The adder barely misses you.
You riposte.
You hit the adder.
The adder is severely wounded.
It was a potion of flight.
You feel very buoyant.
You fly up into the air.
* * * LOW HITPOINT WARNING * * *
You feel sick. The adder bites you.
* * * LOW HITPOINT WARNING * * *
It was a potion of haste.
You feel yourself speed up.
You die...

≈≈≈≈≈ ... .##≈# ..≈
## ≈.. # #≈# #≈ #≈#
#≈ #≈# #≈# #r# #
##≈## ##S## ##
##.≈.## ##@≈≈##
.#####≈≈≈..####≈....#
≈≈≈≈≈≈≈.∩..≈≈≈≈.≈..≈#
.#####.≈≈..####.....#
## ##.≈.## ##≈≈.## #
##≈## ##### #≈# #≈# #
##≈##


You could see an adder and a rat.

Vanquished Creatures
  7 adders
  A river rat (D:3)
  4 oozes (Sewer)
  A worm (Sewer)
  A dart slug (D:1)
  A leopard gecko (D:2)
  2 orcs (D:3)
  3 giant cockroaches
  4 goblins
  4 hobgoblins
  2 quokkas
  3 ball pythons
  3 bats
  6 kobolds
  5 rats
47 creatures vanquished.

Notes
Turn   | Place    | Note
-------+----------+-------------------------------------------
     0 | D:1      | vatarom the Demonspawn Gladiator began the quest for the Orb.
     0 | D:1      | Reached XP level 1. HP: 16/16 MP: 1/1
   159 | D:1      | Reached skill level 3 in Long Blades
   323 | D:1      | Gained mutation: You are immune to rotting. [demonic ancestry]
   323 | D:1      | Reached XP level 2. HP: 19/22 MP: 2/2
   898 | D:2      | Found a faded altar of an unknown god.
   925 | D:2      | Gained mutation: When hurt, damage is shared between your health and your magic reserves. [demonic ancestry]
   925 | D:2      | Reached XP level 3. HP: 26/27 MP: 3/3
  1021 | D:2      | Reached skill level 4 in Long Blades
  1527 | D:3      | Gained mutation: You may emit foul miasma when damaged in melee. [demonic ancestry]
  1527 | D:3      | Reached XP level 4. HP: 25/33 MP: 2/4
  1672 | D:3      | Found a glowing drain.
  1859 | Sewer    | Entered a sewer
  1892 | Sewer    | Reached skill level 5 in Long Blades
  2251 | Sewer    | Reached XP level 5. HP: 34/38 MP: 5/5
  2264 | Sewer    | Succumbed to an adder's poison

Skill      XL: |  1  2  3  4 |
---------------+-------------+-----
Long Blades    | 3 4 5 |  5.2
Fighting       | |  2.0
Throwing       | |  1.7
Dodging        | |  2.6

Action                   |  1- 3 |  4- 6 || total
-------------------------+-------+-------++-------
Melee: Long sword        |    86 |   110 ||   196
  Use: Scroll            |     1 |       ||     1
       Potion            |       |     2 ||     2
 Stab: Sleeping          |     2 |       ||     2
  Eat: Ration            |     1 |       ||     1
       Chunk             |     1 |       ||     1
Armor: Leather armour    |    36 |    42 ||    78
Dodge: Dodged            |    56 |    64 ||   120
       Rpst.: Long sword |    20 |    17 ||    37
